 Dungeon Crawl Stone Soup version 0.29.0-13-gc9e81de378 (webtiles) character file.

Game seed: 13562264188580084849

247 testman the Conjurer (level 5, -7/38 HPs)
             Began as a Draconian Conjurer on Sept 7, 2022.
             Was an Initiate of Vehumet.
             Mangled by Pikel
             ... wielding a +0 whip of freezing
              (8 damage)
             ... on level 4 of the Dungeon.
             The game lasted 00:12:27 (4332 turns).

testman the Conjurer (Draconian Conjurer)           Turns: 4332, Time: 00:12:28

Health: -7/38      AC:  6    Str:  9    XL:     5   Next: 85%
Magic:  5/11       EV: 12    Int: 20    God:    Vehumet [......]
Gold:   238        SH:  0    Dex: 10    Spells: 9/12 levels left

rFire   . . .      SeeInvis .   m - +0 short sword (vamp)
rCold   . . .      Faith    .   (no shield)
rNeg    . . .      Spirit   .   (body armour unavailable)
rPois   .          Reflect  .   (helmet restricted)
rElec   .          Harm     .   (no cloak)
rCorr   .          Rampage  .   h - +0 pair of gloves
Will    .....                   (no boots)
Stlth   ++........              (no amulet)
HPRegen 0.12/turn               (no ring)
MPRegen 0.12/turn               (no ring)

@: mighty
A: AC +5, unfitting armour, cold-blooded
a: Renounce Religion


You were on level 4 of the Dungeon.
You worshipped Vehumet.
Vehumet was noncommittal.
You visited 1 branch of the dungeon, and saw 4 of its levels.

You collected 238 gold pieces.

Inventory:

Hand Weapons
 d - a +0 trident
 m - a +0 vampiric short sword (weapon)
Missiles
 o - 2 poisoned darts
Armour
 h - a +0 pair of gloves (worn)
Jewellery
 n - an amulet of faith
Scrolls
 c - a scroll of teleportation
 g - a scroll of blinking {unknown}
 i - 3 scrolls of identify
 j - a scroll of acquirement {unknown}
Potions
 a - 2 potions of magic
 b - a potion of lignification
 f - 3 potions of curing
 k - a potion of berserk rage {unknown}
 l - a potion of flight {unknown}


   Skills:
 - Level 1.7 Dodging
 - Level 1.7 Stealth
 + Level 4.2 Spellcasting
 + Level 5.8 Conjurations


You had 9 spell levels left.
You knew the following spells:

 Your Spells              Type           Power      Damage    Failure   Level
a - Magic Dart            Conj           100%       1d8       1%          1
b - Searing Ray           Conj           54%        2d6       1%          2

Your spell library contained the following spells:

 Spells                   Type           Power      Damage    Failure   Level
 Dazzling Flash           Conj/Hex       30%        N/A       12%         3
 Gell's Gravitas          Tloc           4%         N/A       36%         3
 Lesser Beckoning         Tloc           4%         N/A       36%         3
 Teleport Other           Tloc           4%         N/A       36%         3
 Fulminant Prism          Conj/Hex       7%         3d7       36%         4
 Iskenderun's Mystic Bla  Conj/Tloc      15%        2d5       36%         4


Dungeon Overview and Level Annotations

Branches:
Dungeon (4/15)
 Temple: D:4-7

Altars:
Gozag
Vehumet
Yredelemnul
Zin

Shops:
D:3 :*

Annotations:
D:4 Pikel


Innate Abilities, Weirdness & Mutations

Your plain brown scales are hard. (AC +5)
You cannot fit into any form of body armour.
You are cold-blooded and may be slowed by cold attacks.


Message History

Press: ? - help, Shift-Dir - straight line, f - Pikel
Aim: Pikel, wielding a +0 whip of freezing, wearing a +0 robe and carrying a wand of flame (5) (74% to hit)
The searing ray hits Pikel but does no damage. (Press . to maintain the ray.) Pikel zaps a wand.
The puff of flame hits you but does no damage.
The searing ray hits Pikel.
Pikel is lightly wounded.
The searing ray hits Pikel.
Pikel is lightly wounded.
The searing ray hits Pikel.
Pikel is lightly wounded.
You finish channelling your searing ray.
Pikel hits you with a +0 whip of freezing.
You feel yourself slow down. Pikel freezes you.
You closely miss Pikel.
Pikel is lightly wounded.
Pikel closely misses you.
You hit Pikel but do no damage.
Pikel is lightly wounded.
You feel yourself speed up.
Pikel hits you with a +0 whip of freezing!
You feel yourself slow down. Pikel freezes you.
Pikel zaps a wand.
The puff of flame hits you!
Casting: Searing Ray (safe; 1% risk of failure)
Confirm with . or Enter, or press ? or * to list all spells.
Aiming: Searing Ray (safe; 1% risk of failure)
Press: ? - help, Shift-Dir - straight line, f/p - Pikel
Aim: Pikel, wielding a +0 whip of freezing, wearing a +0 robe and carrying a wand of flame (3) (lightly wounded, 74% to hit)
The searing ray hits Pikel!
Pikel is moderately wounded. (Press . to maintain the ray.) Pikel zaps a wand.
The puff of flame hits you!
* * * LOW HITPOINT WARNING * * *
It was a potion of might.
You feel very mighty all of a sudden.
You feel yourself speed up.
Pikel zaps a wand.
The puff of flame hits you.
* * * LOW HITPOINT WARNING * * *
Pikel hits you with a +0 whip of freezing!
You die...

...........#.#####.... ...
....[......#.#. ....# ....
.#.....†........ ....#.....
##..#..##.#.#..###...#.....
###........................
.###..###.#..#.##..#.......
.##...# #.#..#......$#
.##.#.#.... ##.#.....#
.#..#...#.. #@K...#
.#........# #.........
##..#.....# ....##......
##.###..#.......... .#....
#.##......<.####....#....
##.....#####. ..#..##...
....#..##.... ...... ..
.#........... .###.#.
....)....#.


You could see Pikel.

Vanquished Creatures
  4 lemures (D:3)
  Blork the orc (D:3)
  A scorpion (D:4)
  4 adders
  3 worms
  5 dart slugs
  4 orcs (D:3)
  5 ball pythons
  7 bats
  3 endoplasms
  3 giant cockroaches
  5 jackals
  A quokka (D:3)
  4 frilled lizards
  5 goblins
  3 kobolds
  5 rats
63 creatures vanquished.

Vanquished Creatures (others)
  3 fungi (D:4)
3 creatures vanquished.

Grand Total: 66 creatures vanquished

Notes
Turn   | Place    | Note
-------+----------+-------------------------------------------
     0 | D:1      | testman the Draconian Conjurer began the quest for the Orb.
     0 | D:1      | Reached XP level 1. HP: 14/14 MP: 3/3
   204 | D:1      | Reached XP level 2. HP: 7/20 MP: 1/5
   419 | D:1      | Learned a level 2 spell: Searing Ray
  1478 | D:2      | Reached XP level 3. HP: 26/26 MP: 2/7
  2526 | D:3      | Found a faded altar of an unknown god.
  2647 | D:3      | Found Toathy's Book Shoppe.
  2767 | D:3      | Reached XP level 4. HP: 32/33 MP: 8/8
  2787 | D:3      | Found Gozag's Platinum Reserve.
  2787 | D:3      | Found an opulent altar of Gozag.
  2939 | D:3      | Reached skill level 5 in Conjurations
  3170 | D:3      | Found a glowing silver altar of Zin.
  3323 | D:3      | Found a basalt altar of Yredelemnul.
  3439 | D:4      | Noticed Blork the orc
  3448 | D:3      | Killed Blork the orc
  3449 | D:3      | Reached XP level 5. HP: 5/38 MP: 1/10
  3731 | D:4      | Found a radiant altar of Vehumet.
  3762 | D:4      | Became a worshipper of Vehumet
  3947 | D:4      | Noticed a black bear
  3952 | D:4      | Noticed a lemure
  3952 | D:4      | Noticed a lemure
  3953 | D:4      | Noticed a lemure
  3954 | D:4      | Noticed a lemure
  3956 | D:4      | Noticed Pikel
  3973 | D:3      | Killed a lemure
  3976 | D:3      | Killed a lemure
  4216 | D:3      | Killed a lemure
  4216 | D:3      | Killed a lemure
  4332 | D:4      | HP: 1/38 [Pikel/puff of flame (3)]
  4332 | D:4      | Mangled by Pikel

Illustrated notes

Levels and vault maps discovered:
D:1:      spicycebolla_green_bress_n_ham, layout_basic,
          chequers_serial_rivers_micro_c
D:2:      layout_basic, dreamdust_wishing_well
D:3:      layout_basic, marbit_many_paths, zin_scriptorium,
          nicolae_gozag_zags_fifth_avenue,
          chequers_ecumenical_altar_simple_redux, serial_shops,
          nicolae_shop_trees
D:4:      layout_rooms, nzn_overflow_gifts_of_might_and_magic,
          mainiacjoe_overflow_alcove_4, serial_bayou_ford_a, uniq_pikel,
          uniq_blork_the_orc

Skill      XL: |  1  2  3  4  5 |
---------------+----------------+-----
Spellcasting   | 3 4 |  4.2
Conjurations   | 5 |  5.8
Dodging        | |  1.7
Stealth        | |  1.7

Action                   |  1- 3 |  4- 6 || total
-------------------------+-------+-------++-------
Melee: Unarmed           |    17 |       ||    17
       Tailslap          |     7 |     2 ||     9
       Dagger            |    49 |       ||    49
       Short sword       |    21 |    25 ||    46
       Punch             |     1 |       ||     1
 Cast: Magic Dart        |    28 |     7 ||    35
       Searing Ray       |    13 |    13 ||    26
  Use: Potion            |       |     3 ||     3
       Scroll            |       |     2 ||     2
 Stab: Sleeping          |     4 |     1 ||     5
Armor: Skin              |    35 |    28 ||    63
Dodge: Dodged            |    77 |    38 ||   115
